 Dungeon Crawl Stone Soup version 0.22-a0-110-g5b255cf (webtiles) character file.

144 Calypsia the Chopper (level 5, -1/36 HPs)
             Began as a Draconian Skald on Jan 28, 2018.
             Succumbed to a gnoll's poison
             ... on level 2 of the Dungeon.
             The game lasted 00:03:47 (3162 turns).

Calypsia the Chopper (Draconian Skald)              Turns: 3162, Time: 00:03:47

Health: -1/36      AC:  5    Str: 13    XL:     5   Next: 5%
Magic:  4/8        EV: 12    Int: 14    God:
Gold:   152        SH:  0    Dex: 11    Spells: 7/8 levels left

rFire    x . .     SeeInvis .   a - +0 hand axe
rCold    + + .     Gourm    .   (no shield)
rNeg     . . .     Faith    .   (armour unavailable)
rPois    .         Spirit   .   (helmet restricted)
rElec    .         Reflect  .   (no cloak)
rCorr    .         Harm     .   (no gloves)
MR       .....                  (no boots)
Stlth    +.........             (no amulet)
HPRegen  0.12/turn              e - ring of ice
MPRegen  0.11/turn              (no ring)

@: lethally poisoned (-1 -> -46)
A: unfitting armour, cold resistance 1, frail 1, cold-blooded, AC +5
a: no special abilities


You were on level 2 of the Dungeon.
You were not hungry.

You visited 1 branch of the dungeon, and saw 3 of its levels.

You collected 152 gold pieces.

Inventory:

Hand Weapons
 a - a +0 hand axe (weapon)
Jewellery
 e - a ring of ice (left hand)
 m - an uncursed amulet of regeneration {unknown}
Scrolls
 d - 3 scrolls of identify {unknown}
 h - a scroll of fear {unknown}
 i - 2 scrolls of remove curse {unknown}
 l - a scroll of blinking {unknown}
 o - 4 scrolls of teleportation {unknown}
Potions
 g - a potion of haste {unknown}
 k - a potion of agility {unknown}
 p - a potion of brilliance {unknown}
 q - a potion of heal wounds {unknown}
Books
 b - a book of Battle

   Spells                             Type                      Level
   a - Infusion                       Charms                       1
   b - Shroud of Golubria             Charms/Translocation         2
   c - Song of Slaying                Charms                       2
   d - Spectral Weapon                Hexes/Charms                 3
   e - Regeneration                   Charms/Necromancy            3
Comestibles
 c - a ration


   Skills:
 - Level 2.1 Fighting
 * Level 5.3 Axes
 - Level 2.1 Dodging
 - Level 2.0 Spellcasting
 - Level 2.6 Charms


You had 7 spell levels left.
You knew the following spells:

 Your Spells              Type           Power        Failure   Level  Hunger
a - Infusion              Chrm           #...         8%          1    ##.....


Dungeon Overview and Level Annotations

Branches:
Dungeon (3/15)

Altars:

Annotations:
D:3 Jessica, Robin


Innate Abilities, Weirdness & Mutations

Your plain brown scales are hard. (AC +5)
You cannot fit into any form of body armour.
You are cold-blooded and may be slowed by cold attacks.
Your flesh is cold resistant. (rC+)
You are frail. (-10% HP)


Message History

You barely miss the gnoll.
The gnoll is severely wounded.
You feel very sick. The gnoll barely misses you.
You barely miss the gnoll.
The gnoll is severely wounded.
You feel sick.
The gnoll hits you with a whip of venom.
* * * LOW HITPOINT WARNING * * *
You are more poisoned.
Okay, then.
You hit the gnoll.
You kill the gnoll!
You have reached level 5!
* * * LOW HITPOINT WARNING * * *
You feel very sick.
It was a potion of mutation.
You feel extremely strange.
You feel frail.
You feel resistant to cold.
You are no longer magically infusing your attacks.
You die...

### #.####### #........ #.#######
########### #.#.##### #
#.........###### #.#......
######.#######.#))..#####.#.#####
.....(..........@.........#.#####
######.#..#....[).........#.#....
# #.#..#...............#.#.### #
##.#..#......................
#####.....#.........).....#.#.###
..........#...#########.#.#.#.# #
......[..)#.............#.#.#.###
.......#..#...............#......
..........#.#.............#<....#


There were no monsters in sight!

Vanquished Creatures
  An orc priest (D:2)
  3 gnolls (D:2)
  2 adders (D:2)
  A worm (D:2)
  4 leopard geckos
  3 orcs (D:2)
  12 giant cockroaches
  4 goblins
  3 hobgoblins (D:1)
  4 jackals
  A quokka (D:2)
  5 bats
  2 frilled lizards (D:1)
  4 kobolds
  5 rats
54 creatures vanquished.

Vanquished Creatures (others)
  2 orcs (D:3)
  A giant cockroach (D:3)
3 creatures vanquished.

Grand Total: 57 creatures vanquished

Notes
Turn   | Place    | Note
-------+----------+-------------------------------------------
     0 | D:1      | Calypsia the Draconian Skald began the quest for the Orb.
     0 | D:1      | Reached XP level 1. HP: 17/17 MP: 3/3
   531 | D:1      | Reached XP level 2. HP: 21/24 MP: 5/5
   660 | D:1      | Reached skill level 3 in Axes
  1557 | D:2      | Reached XP level 3. HP: 29/29 MP: 6/6
  1909 | D:2      | Reached skill level 4 in Axes
  2133 | D:2      | Reached XP level 4. HP: 36/36 MP: 3/7
  2787 | D:3      | Noticed Jessica
  2797 | D:2      | Reached skill level 5 in Axes
  3153 | D:3      | Noticed Robin
  3161 | D:2      | Reached XP level 5. HP: 6/41 MP: 4/8
  3161 | D:2      | HP: 2/41 [poisoned by a gnoll]
  3162 | D:2      | Gained mutation: You are frail. (-10% HP) [potion of mutation]
  3162 | D:2      | Gained mutation: Your flesh is cold resistant. (rC+) [potion of mutation]
  3162 | D:2      | Succumbed to a gnoll's poison

Vault maps used:
D:1:      lightli_arrival_farm, minivault_25
D:2:      minmay_roachtagon
D:3:      uniq_jessica, uniq_robin

Skill      XL: |  1  2  3  4 |
---------------+-------------+-----
Axes           | 3 4 5 |  5.3
Fighting       | |  2.1
Dodging        | |  2.1
Spellcasting   | |  2.0
Charms         | |  2.6

Action                   |  1- 3 |  4- 6 || total
-------------------------+-------+-------++-------
Melee: Hand axe          |   128 |    48 ||   176
       Tailslap          |    14 |     2 ||    16
 Cast: Infusion          |     3 |     2 ||     5
  Use: Potion            |       |     3 ||     3
 Stab: Sleeping          |     3 |       ||     3
  Eat: Chunk             |     4 |     3 ||     7
Armor: Skin              |    34 |    24 ||    58
Dodge: Dodged            |    95 |    52 ||   147

Table legend:
 A = Spawn XP
 B = Non-spawn XP
 C = Spawn XP percentage of total XP
 D = Spawn monster count
 E = Non-spawn monster count
 F = Spawn count percentage of total count
 G = Total turns spent on level
                    A         B        C        D         E        F      G
               +---------+---------+-------+---------+---------+-------+---------
         Total |       0 |     207 |   0.0 |       0 |      54 |   0.0 |  3162
               +---------+---------+-------+---------+---------+-------+---------
           D:1 |       0 |      40 |   0.0 |       0 |      22 |   0.0 |  1539
           D:2 |       0 |     167 |   0.0 |       0 |      32 |   0.0 |  1608
               +---------+---------+-------+---------+---------+-------+---------
